 Dungeon Crawl Stone Soup version 0.18-a0-673-gce59692 (webtiles) character file.

235 Sixotanaka the Skirmisher (level 6, -3/46 HPs)
             Began as an Octopode Wanderer on Dec 6, 2015.
             Was an Initiate of Cheibriados.
             Slain by a centaur (9 damage)
             ... on level 3 of the Dungeon.
             The game lasted 00:06:52 (2600 turns).

Sixotanaka the Skirmisher (Octopode Wanderer)       Turns: 2600, Time: 00:06:52

Health: -3/46      AC:  1    Str: 12    XL:     6   Next: 5%
Magic:  7/7        EV: 11    Int: 20    God:    Cheibriados [......]
Gold:   142        SH:  0    Dex: 14    Spells: 0 memorised, 5 levels left

rFire  . . .     SeeInvis +       - Unarmed
rCold  . . .     Clarity  .     (no shield)
rNeg   . . .     SustAt   .     (helmet restricted)
rPois  .         Gourm    .     (no amulet)
rElec  .         Spirit   .     p - +4 ring of intelligence
rCorr  .         Dismiss  .     q - ring of see invisible
rMut   .         Stasis   .     (no ring)
MR     .....                    (no ring)
Stlth  ++........               (no ring)
                                (no ring)
                                (no ring)
                                (no ring)

@: confused, very slow, not resistant to hostile enchantments, unstealthy
A: almost no armour, amphibious, 8 rings, constrict 8, camouflage 1, gelatinous
body 1
a: Bend Time, Renounce Religion


You were on level 3 of the Dungeon.
You worshipped Cheibriados.
Cheibriados was noncommittal.
You were not hungry.

You visited 1 branch of the dungeon, and saw 3 of its levels.

You collected 142 gold pieces.


Innate Abilities, Weirdness & Mutations

You cannot wear most types of armour.
You are amphibious.
You can wear up to eight rings at the same time.
You can use your tentacles to constrict eight enemies at once.
Your skin changes colour to match your surroundings (Stealth).
Your rubbery body absorbs attacks (AC +1).


   Skills:
 - Level 6.0 Fighting
 - Level 1.0 Throwing
 - Level 1.5 Stealth
 * Level 5.5 Unarmed Combat
 + Level 2.5 Invocations


You had 5 spell levels left.
You didn't know any spells.

Dungeon Overview and Level Annotations

Branches:
Dungeon (3/15)

Altars:
Cheibriados
Fedhas
Pakellas
Sif Muna

Inventory:

Hand Weapons
 b - a +2 blowgun
Missiles
 a - 2 curare-tipped needles
 m - 5 javelins (quivered)
Jewellery
 p - a +4 ring of intelligence (left tentacle)
 q - a ring of see invisible (right tentacle)
Scrolls
 c - 3 scrolls of teleportation {@r4}
 f - 2 scrolls of magic mapping {unknown}
 g - a scroll of recharging {unknown}
 i - 2 scrolls of fear {unknown}
 j - 2 scrolls of identify {unknown}
Potions
 k - a potion of ambrosia {!q}
 l - a potion of haste {unknown}
 n - 2 potions of cure mutation {unknown}
Comestibles
 e - 3 bread rations
 h - 2 beef jerkies
 o - 3 chunks of flesh

##### #.## ##...###...##
.... ...##.....#.....##
##.# .....#.....#.....
##.## #.#.###...###.#
#...##### #.#..#..c..#..#
.)......###.##...#.#)..##
#)..###.#.....####)#g###
##.##
#.#.###.####)#g..ggg.g
#.# #...#
#...@c.######### #)#
###.###.######
#.######.....#
#..........###
############


You could see a centaur.


Message History

You tentacle-slap Sigmund. You constrict Sigmund. Sigmund casts a spell at you.
You are confused.
You barely miss Sigmund. You constrict Sigmund.
Sigmund hits you but does no damage.
You tentacle-slap Sigmund but do no damage.
You squeeze Sigmund, but do no damage. You constrict Sigmund.
You kill Sigmund!
Cheibriados thoroughly appreciates the change of pace.
Your Unarmed Combat skill increases to level 5!
Your Invocations skill increases to level 2!
You have reached level 6!
Your experience leads to an increase in your attributes!
Your base attributes are Str 11, Int 15, Dex 12.
Increase (S)trength, (I)ntelligence, or (D)exterity?
You feel agile.
The goblin shoots a stone.
The stone hits you but does no damage.
The goblin shoots a stone.
The stone hits you.
The goblin shoots a stone.
The stone barely misses you.
The goblin unwields an uncursed enchanted hunting sling.
The goblin wields an uncursed club.
The goblin closely misses you.
Things that are here:
a scythe; a robe; 2 stones You bump into the rock wall.
The goblin hits you with an uncursed club.
You're too confused to move!
You feel less confused.
The goblin hits you with an uncursed club.
You closely miss the goblin. You grab the goblin. You constrict the goblin.
The goblin hits you with an uncursed club.
You tentacle-slap the goblin.
You kill the goblin!
Cheibriados appreciates the change of pace.
The adder bites you.
You are poisoned.
The adder poisons you!
You see here 3 stones.
You feel sick.
You closely miss the adder. Your grab misses the adder. The adder bites you.
The adder barely misses you.
You tentacle-slap the adder. You grab the adder. You squeeze the adder!
You kill the adder!
Cheibriados thoroughly appreciates the change of pace.
You barely miss the centaur.
Your tentacle-slap misses the centaur.
You feel sick. The centaur hits you. The centaur closely misses you.
You barely miss the centaur. Your squeeze misses the centaur.
The centaur barely misses you.
You barely miss the centaur. The centaur hits you. The centaur hits you.
* * * LOW HITPOINT WARNING * * *
You tentacle-slap the centaur but do no damage.
You tentacle-slap the centaur, but do no damage.
The centaur barely misses you.
You bludgeon the centaur!
You feel sick. The centaur closely misses you.
You tentacle-slap the centaur but do no damage.
You squeeze the centaur. The centaur hits you!
* * * LOW HITPOINT WARNING * * *
The centaur hits you.
* * * LOW HITPOINT WARNING * * *
Drink which item? (? for menu, Esc to quit)
You feel better. The centaur hits you.
* * * LOW HITPOINT WARNING * * *
You tentacle-slap the centaur. The centaur hits you!
* * * LOW HITPOINT WARNING * * *
The centaur hits you.
* * * LOW HITPOINT WARNING * * *
Drink which item? (? for menu, Esc to quit)
It was a potion of ambrosia.
You are confused.
You feel invigorated. The centaur hits you!
You die...

Action                   |  1- 3 |  4- 6 || total
-------------------------+-------+-------++-------
Melee: Unarmed           |    57 |    59 ||   116
Throw: Javelin           |       |     5 ||     5
Invok: Bend Time         |       |     1 ||     1
  Use: Potion            |       |     2 ||     2
 Stab: Sleeping          |     6 |     2 ||     8
  Eat: Chunk             |     2 |     2 ||     4
       Pizza             |     1 |       ||     1

Vault maps used:
D:1:      minmay_arrival_five_plusses, minmay_misc_feat_five
D:2:      minmay_overflow_temple_star_quad, fedhas_altar_1
D:3:      led_xom_imps, minmay_strange_pillars, uniq_sigmund, uniq_robin

Notes
Turn   | Place    | Note
--------------------------------------------------------------
     0 | D:1      | Sixotanaka the Octopode Wanderer began the quest for the Orb.
     0 | D:1      | Sixotanaka set off with: 2 curare-tipped needles, a +2 blowgun, a scroll of teleportation {@r4}, a potion of curing {@q1}, a bread ration
     0 | D:1      | Reached XP level 1. HP: 19/19 MP: 1/1
   206 | D:1      | Reached XP level 2. HP: 25/25 MP: 2/2
   627 | D:2      | Found a blossoming altar of Fedhas.
   940 | D:2      | Reached skill level 3 in Unarmed Combat
  1335 | D:2      | Reached XP level 3. HP: 21/30 MP: 3/3
  1468 | D:2      | Found a deep blue altar of Sif Muna.
  1473 | D:2      | Found a snail-covered altar of Cheibriados.
  1484 | D:2      | Found an oddly glowing altar of Pakellas.
  1504 | D:2      | Became a worshipper of Cheibriados the Contemplative
  1862 | D:3      | Reached skill level 4 in Unarmed Combat
  1862 | D:3      | Reached XP level 4. HP: 32/36 MP: 4/4
  1884 | D:3      | Reached skill level 1 in Invocations
  2359 | D:3      | Noticed a centaur
  2366 | D:3      | Noticed Robin
  2376 | D:3      | Killed Robin
  2377 | D:3      | Noticed Sigmund
  2407 | D:3      | Reached XP level 5. HP: 23/41 MP: 3/5
  2580 | D:3      | Killed Sigmund
  2580 | D:3      | Reached skill level 5 in Unarmed Combat
  2580 | D:3      | Reached skill level 2 in Invocations
  2580 | D:3      | busb: the correct background
  2580 | D:3      | Reached XP level 6. HP: 44/46 MP: 5/7
  2581 | D:3      | Sixotanaka: rofl
  2581 | D:3      | Sixotanaka: correct god, too
  2581 | D:3      | busb: dunno about that
  2581 | D:3      | busb: Ru is best
  2581 | D:3      | Sixotanaka: Ru is pretty cool
  2581 | D:3      | Sixotanaka: fo sho
  2597 | D:3      | HP: 9/46 [centaur (5)]
  2599 | D:3      | HP: 2/46 [centaur (5)]
  2600 | D:3      | busb: gg
  2600 | D:3      | Slain by a centaur

Vanquished Creatures
  Sigmund (D:3)
  A crimson imp (D:3)
  Robin (D:3)
  3 adders
  2 oozes (D:3)
  A worm (D:3)
  A giant gecko (D:1)
  3 giant cockroaches (D:2)
  10 goblins
  6 hobgoblins
  2 jackals (D:2)
  A quokka (D:2)
  3 bats
  4 kobolds
  5 rats
44 creatures vanquished.
